 Dungeon Crawl Stone Soup version 0.30-b1-2-g02819fbbbe (webtiles) character file.

Game seed: 13402174890043495433

10 Alarkh the Grasshopper (level 2, 22/22 HPs)
             Began as a Demonspawn Warper on May 28, 2023.
             Got out of the dungeon alive.
             The game lasted 00:00:18 (483 turns).

Alarkh the Grasshopper (Demonspawn Warper)           Turns: 483, Time: 00:00:19

Health: 22/22      AC:  5    Str: 11    XL:     2   Next: 10%
Magic:  5/5        EV: 11    Int: 14    God:
Gold:   40         SH:  0    Dex: 12    Spells: 5/5 levels left

rFire   . .          .
                       - Unarmed
rCold   . . .        (no shield)
rNeg    . . .        a - +0 leather armour
rPois   .            (no helmet)
rElec   .            (no cloak)
rCorr   .            (no gloves)
SInv    .            (no boots)
Will    .....        (no amulet)
Stlth   +            (no ring)
HPRegen 0.23/turn    (no ring)
MPRegen 0.09/turn

%: no passive effects
@: no status effects
A: icy blue scales 1
a: no special abilities


You escaped.
You visited 1 branch of the dungeon, and saw 1 of its levels.

You collected 40 gold pieces.

Inventory:

Missiles
 c - 7 boomerangs of dispersal (quivered)
Armour
 a - a +0 leather armour (worn)
Jewellery
 f - a ring of wizardry
Scrolls
 b - a scroll of blinking
 e - a scroll of immolation {unknown}
Potions
 d - a potion of ambrosia {unknown}
 g - 2 potions of brilliance {unknown}


   Skills:
 - Level 2.0 Fighting
 - Level 0.8 Throwing
 - Level 0.8 Armour
 - Level 1.7 Dodging
 + Level 2.5 Unarmed Combat
 - Level 2.0 Spellcasting
 - Level 2.6 Translocations


You had 5 spell levels left.
You didn't know any spells.
Your spell library contained the following spells:

 Spells                   Type           Power      Damage    Failure   Level
 Blink                    Tloc           16%        N/A       16%         2
 Lesser Beckoning         Tloc           16%        N/A       16%         2
 Necrotise                Necr           4%         1d4       30%         1
 Teleport Other           Tloc           8%         N/A       30%         3
 Vhi's Electric Charge    Tloc/Air       10%        N/A       47%         3
 Vampiric Draining        Necr           1%         2d6       67%         3
 Manifold Assault         Tloc           8%         N/A       71%         4
 Agony                    Necr           1%         N/A       100%        5


Dungeon Overview and Level Annotations

Branches:
Dungeon (1/15)

Altars:


Innate Abilities, Weirdness & Mutations

You are partially covered in icy blue scales. (AC +2)


Message History

You now have 40 gold pieces (gained 16).
Found a chain mail.
An endoplasm comes into view.
The endoplasm quivers.
An endoplasm is nearby!
The endoplasm closely misses you.
You hit the endoplasm.
You kill the endoplasm!
You have reached level 2!
Your demonic ancestry asserts itself...
Icy blue scales grow over part of your body.
You open the door.
A kobold comes into view. It is wielding a +0 club.
The kobold shouts!
Found a scroll labelled XEUKHY LIMNYVU.
There is an open door here.
The kobold barely misses you.
You hit the kobold.
You kill the kobold!
No target in view!
No target in view!
No target in view!
No target in view!
No target in view!
No target in view!
No target in view!
No target in view!
No target in view!
No target in view!
There is an open door here.
There is an open door here.
There is a stone staircase leading down here.
As you open the door, it creaks loudly!
You can't go up here!
(D) Dungeon
Where to? (Enter - D:1 @ (x,y), ? - help)
There is an open door here.
There is a staircase leading out of the dungeon here.
Are you sure you want to leave the Dungeon?
This will make you lose the game!
You have escaped!

#.# #.# #.# # #.# .## ## #.# #.##
#.## ## ###### ##.## .#.##
##.###.## #....###...### ###.##
##.#.###.## ####.##......# #
##.###.###.#.#@# #...........(
##.#.## ##.#### ##.#.##.#.#..#
##.## #.## #....##.#....# #.## ##
##.####.#.#..# ## #.# #....#...
#.# #.#..#..# #.# #.#.....#
#####.###.#.....#
#################...#.##....(....


There were no monsters in sight!

Vanquished Creatures
  A ball python (D:1)
  A bat (D:1)
  2 endoplasms (D:1)
  A hobgoblin (D:1)
  2 kobolds (D:1)
  A goblin (D:1)
8 creatures vanquished.

Vanquished Creatures (others)
  7 toadstools (D:1)
7 creatures vanquished.

Grand Total: 15 creatures vanquished

Notes
Turn   | Place    | Note
-------+----------+-------------------------------------------
     0 | D:1      | Alarkh the Demonspawn Warper began the quest for the Orb.
     0 | D:1      | Reached XP level 1. HP: 16/16 MP: 3/3
   360 | D:1      | Gained mutation: You are partially covered in icy blue
                  | scales. (AC +2) [demonic ancestry]
   360 | D:1      | Reached XP level 2. HP: 22/22 MP: 5/5
   483 | D:$      | Got out of the dungeon alive.

Illustrated notes

Levels and vault maps discovered:
D:1:      nagdon_arrival_zigzag_paths, layout_loops_corners,
          minmay_misc_feat_columns

Skill      XL: |  1 |
---------------+----+-----
Unarmed Combat | 2 |  2.5
Fighting       | |  2.0
Throwing       | |  0.8
Armour         | |  0.8
Dodging        | |  1.7
Spellcasting   | |  2.0
Translocations | |  2.6

Action                     || total
---------------------------++-------
  Melee: Unarmed           ||    30
   Stab: Sleeping          ||     1
 Armour: Leather armour    ||     3
  Dodge: Dodged            ||    17
